 Dungeon Crawl Stone Soup version 0.28-a0-312-gbced6e68ee (webtiles) character file.

Game seed: 17297346093767302343

17783 empror the Basher (level 12, -12/65 HPs)
             Began as a Formicid Fighter on Aug 30, 2021.
             Was a High Priest of Cheibriados.
             Killed from afar by a wretched star (15 damage)
             ... with a lance of force
             ... on level 1 of the Abyss.
             The game lasted 01:04:17 (10215 turns).

empror the Basher (Formicid Fighter)               Turns: 10215, Time: 01:04:17

Health: -12/65     AC: 16    Str: 32    XL:     12   Next: 86%
Magic:  14/14      EV: 14    Int: 16    God:    Cheibriados [*****.]
Gold:   342        SH: 13    Dex: 21    Spells: 10/13 levels left

rFire   + . .      SeeInvis +   p - +4 dire flail (elec)
rCold   x . .      Faith    .   c - +0 kite shield
rNeg    . . .      Spirit   .   q - +3 scale mail {Will+}
rPois   .          Reflect  .   (helmet unavailable)
rElec   .          Harm     .   i - +0 cloak
rCorr   .          Rampage  .   C - +2 pair of gloves
Will    +++..                   (no boots)
Stlth   +.........              h - amulet of the acrobat
HPRegen 0.20/turn               y - ring of wizardry
MPRegen 0.14/turn               b - ring of fire

@: invisible, very slow
A: permanent stasis, dig shafts and tunnels, antennae 3, four strong arms,
strong-willed 1, no potion heal 1, noise suppression, [dopey 2], [frail 3],
[screaming 2], [weak 2]
a: Dig, Shaft Self, Renounce Religion, Bend Time, Temporal Distortion, Slouch,
Step From Time


You were on level 1 of the Abyss.
You worshipped Cheibriados.
Cheibriados was extremely pleased with you.
You visited 3 branches of the dungeon, and saw 12 of its levels.
You visited the Abyss 1 time.

You collected 604 gold pieces.
You spent 262 gold pieces at shops.

Inventory:

Hand Weapons
 g - a +2 short sword of freezing
 m - a +0 battleaxe
 p - a +4 dire flail of electrocution (weapon)
 s - a +3 flail
Missiles
 j - 14 javelins
Armour
 c - a +0 kite shield (worn)
 i - a +0 cloak (worn)
 q - a +3 scale mail of willpower (worn)
 C - a +2 pair of gloves (worn)
Jewellery
 b - a ring of fire (right hand)
 h - an amulet of the acrobat (around neck)
 y - a ring of wizardry (left hand)
Wands
 a - a wand of iceblast (11)
 k - a wand of mindburst (10)
 u - a wand of flame (8) (quivered)
Scrolls
 x - a scroll of holy word
 B - 3 scrolls of teleportation
Potions
 d - a potion of might
 e - a potion of brilliance {unknown}
 f - 5 potions of curing
 l - a potion of cancellation
 o - a potion of lignification
 w - a potion of berserk rage
 z - a potion of flight
 E - 2 potions of magic {unknown}


   Skills:
 + Level 8.3 Fighting
 + Level 5.7(9.3) Axes
 + Level 11.4(11.9) Maces & Flails
 + Level 0.1 Throwing
 + Level 9.4 Armour
 + Level 5.5 Dodging
 + Level 3.1 Stealth
 + Level 10.8 Shields
 + Level 1.4 Spellcasting
 + Level 1.4 Hexes
 + Level 1.2 Summonings
 + Level 2.4 Invocations
 + Level 2.5 Evocations


You had 10 spell levels left.
You knew the following spells:

 Your Spells              Type           Power      Damage    Failure   Level
a - Summon Guardian Gole  Hex/Summ       5%         N/A       26%         3

Your spell library contained the following spells:

 Spells                   Type           Power      Damage    Failure   Level
 Animate Skeleton         Necr           2%         N/A       16%         1
 Pain                     Necr           4%         1d4       16%         1
 Corpse Rot               Necr/Air       N/A        N/A       24%         2
 Vampiric Draining        Necr           0%         2d6       41%         3
 Animate Armour           Summ/Erth      6%         N/A       73%         4
 Dispel Undead            Necr           1%         3d6       80%         4
 Blade Hands              Tmut           0%         N/A       98%         5
 Fireball                 Conj/Fire      0%         3d3       98%         5
 Death Channel            Necr           0%         N/A       100%        6
 Iron Shot                Conj/Erth      0%         9d1       100%        6
 Starburst                Conj/Fire      0%         6d3       100%        6
 Orb of Destruction       Conj           0%         N/A       100%        7
 Spellforged Servitor     Conj/Summ      1%         N/A       100%        7
 Ignition                 Fire           0%         3d3       100%        8


Dungeon Overview and Level Annotations

Branches:
Dungeon (10/15)            Temple (1/1) D:5             Orc (1/2) D:10
   Lair: D:8-11

Altars:
Ashenzari
Cheibriados
Dithmenos
Elyvilon
Fedhas
Gozag
Hepliaklqana
Kikubaaqudgha
Makhleb
Nemelex Xobeh
Okawaru
Qazlal
Ru
Sif Muna
Trog
Uskayaw
Vehumet
Wu Jian
Xom
Yredelemnul
Zin
The Shining One

Shops:
D:6 *

Annotations:
Orc:1 Sonja


Innate Abilities, Weirdness & Mutations

You cannot be hasted, slowed, berserked, paralysed or teleported.
You can dig through walls and to a lower floor.
You have a pair of large antennae on your head. (SInv)
Your four strong arms can wield two-handed weapons with a shield.
You are strong-willed. (Will+)
Potions are less effective at restoring your health.
You passively dampen the noise of your surroundings.
[You are very dopey. (Int -4)]
[You are extremely frail. (-30% HP)]
[You frequently scream uncontrollably at your foes.]
[You are very weak. (Str -4)]


Message History

Aim: a wretched star (moderately damaged, 71% to hit)
The puff of flame hits the wretched star.
The wretched star resists.
The wretched star is moderately damaged.
The wretched star pulses with an eldritch light!
You feel frail. x2
You bludgeon the wretched star!!
The wretched star is severely damaged.
The wretched star glows turbulently.
The lance of force hits you!
* * * LOW HITPOINT WARNING * * *
You are knocked back by the lance of force.
You slam into the stone wall!
Aiming: Mindburst
Press: ? - help, Shift-Dir - straight line, f/p - wretched star
Aim: a wretched star (severely damaged, infinite will)
The wretched star is unaffected.
The wretched star pulses with an eldritch light!
You feel frail.
You feel the urge to shout.
You feel a strong urge to scream.
The wretched star glows turbulently.
The lance of force misses you.
You hit the wretched star.
The wretched star is severely damaged.
A large abomination comes into view.
You sock the wretched star!
The wretched star is almost destroyed.
You closely miss the wretched star.
The wretched star is almost destroyed.
You hit the wretched star but do no damage.
The wretched star is almost destroyed.
The wretched star glows turbulently.
The lance of force hits you!
* * * LOW HITPOINT WARNING * * *
You are knocked back by the lance of force.
You slam into the stone wall!
* * * LOW HITPOINT WARNING * * *
You fade into invisibility!
The wretched star glows turbulently.
The lance of force hits you!
You die...

. .#. .#. #..
... . # . ..#
#..... .##
#.##.. .# ##..
##.#..#.#
.#....##...#...#
. #X.......##..#
# .###@.*...#
..#..#.##.##
#.#....# #
....#......# ..
#..##### # #...
##.. # ..# # ...


You could see a wretched star and a large abomination.

Vanquished Creatures
  An eidolon (Abyss:1)
  Erolcha (D:10)
  A two-headed ogre (D:8)
  A thrashing horror (Abyss:1)
  Nergalle (D:10)
  A shadow wraith (Abyss:1)
  A sixfirhy (Abyss:1)
  An anaconda skeleton (Abyss:1)
  A wizard (D:9)
  Pikel (D:8)
  Psyche (D:8)
  A kobold demonologist (D:10)
  Maggie (D:6)
  A komodo dragon (D:10)
  A troll (D:10)
  Sigmund (D:6)
  2 wyverns
  Grum (D:8)
  3 steam dragons
  19 yaks
  A neqoxec (Abyss:1)
  Menkaure (D:6)
  Edmund (D:4)
  2 wargs (D:10)
  2 large abominations (Abyss:1)
  An acid dragon (D:9)
  A water moccasin (D:6)
  A sky beast (D:7)
  An orc warrior (D:9)
  4 wolves (D:8)
  4 ogres
  7 centaurs
  A small abomination (Abyss:1)
  2 phantoms
  Blork the orc (D:6)
  3 bullfrogs
  10 kobold brigands (D:10)
  4 scorpions
  A gnoll sergeant (D:6)
  20 killer bees
  5 wights (D:8)
  6 howler monkeys
  A bullfrog zombie (D:6)
  4 centaur zombies
  5 orc priests
  A bullfrog skeleton (D:6)
  2 hounds (D:6)
  A centaur skeleton (D:6)
  A gnoll shaman (D:7)
  Natasha (thrice) (D:4)
  3 iguanas
  6 orc wizards
  A howler monkey zombie (D:6)
  7 adders
  10 gnolls
  3 shadow imps
  2 white imps
  An ufetubus (Abyss:1)
  2 worms (D:2)
  4 dart slugs
  29 orcs
  9 bats
  7 endoplasms
  8 giant cockroaches
  6 hobgoblins
  3 quokkas
  5 ball pythons
  2 frilled lizards (D:2)
  5 goblins
  7 kobolds
  6 rats
264 creatures vanquished.

Vanquished Creatures (others)
  An orc (D:9)
1 creature vanquished.

Grand Total: 265 creatures vanquished

Notes
Turn   | Place    | Note
-------+----------+-------------------------------------------
     0 | D:1      | empror the Formicid Fighter began the quest for the Orb.
     0 | D:1      | Reached XP level 1. HP: 18/18 MP: 1/1
   106 | D:1      | Reached XP level 2. HP: 23/24 MP: 2/2
   312 | D:1      | Reached XP level 3. HP: 21/30 MP: 3/3
  1043 | D:2      | Reached XP level 4. HP: 37/37 MP: 4/4
  1106 | D:2      | Reached skill level 1 in Dodging
  1160 | D:2      | Found a faded altar of an unknown god.
  1188 | D:2      | Gained mutation: Potions are less effective at restoring
                  | your health. [potion of mutation]
  1188 | D:2      | Gained mutation: You have large cloven feet. [potion of
                  | mutation]
  1188 | D:2      | Gained mutation: Your spells are a little easier to cast,
                  | but a little less powerful. [potion of mutation]
  1188 | D:2      | Gained mutation: You are partially covered in iridescent
                  | scales. (AC +2) [potion of mutation]
  1253 | D:2      | You fall into a shaft and drop 1 floor!
  1318 | D:3      | Reached XP level 5. HP: 18/42 MP: 5/5
  1363 | D:3      | Learned a level 3 spell: Summon Guardian Golem
  2005 | D:4      | Reached XP level 6. HP: 44/48 MP: 6/6
  2033 | D:4      | Noticed Natasha
  2040 | D:4      | Killed Natasha
  2277 | D:4      | Noticed Edmund
  2299 | D:4      | Killed Edmund
  2300 | D:4      | Reached skill level 5 in Axes
  2300 | D:4      | Reached XP level 7. HP: 30/54 MP: 7/7
  2322 | D:4      | Reached skill level 5 in Shields
  2516 | D:4      | Noticed Natasha
  2524 | D:4      | Killed Natasha
  2524 | D:4      | Noticed Natasha
  2532 | D:4      | Killed Natasha
  2727 | D:5      | Entered Level 5 of the Dungeon
  2812 | D:5      | Found a staircase to the Ecumenical Temple.
  2835 | Temple   | Entered the Ecumenical Temple
  2938 | Temple   | Became a worshipper of Cheibriados the Contemplative
  2982 | D:5      | Reached skill level 1 in Maces & Flails
  2982 | D:5      | Reached XP level 8. HP: 59/61 MP: 8/8
  2986 | D:5      | Reached skill level 5 in Armour
  3088 | D:5      | Reached skill level 1 in Stealth
  3092 | D:5      | Reached skill level 5 in Fighting
  3092 | D:5      | Reached skill level 2 in Maces & Flails
  3834 | D:5      | Reached skill level 3 in Maces & Flails
  4017 | D:6      | Noticed Menkaure
  4017 | D:6      | Found Pocuw's Assorted Antiques.
  4022 | D:6      | Killed Menkaure
  4035 | D:6      | Bought a scroll of enchant weapon for 262 gold pieces
  4078 | D:6      | Reached * piety under Cheibriados
  4095 | D:6      | Reached XP level 9. HP: 68/68 MP: 9/9
  4126 | D:6      | Reached skill level 4 in Maces & Flails
  4219 | D:6      | Noticed Blork the orc
  4232 | D:6      | Killed Blork the orc
  4473 | D:6      | Noticed Sigmund
  4482 | D:6      | Killed Sigmund
  4483 | D:6      | Reached skill level 5 in Maces & Flails
  4969 | D:6      | Noticed Maggie
  4977 | D:6      | Killed Maggie
  4978 | D:6      | Reached skill level 6 in Maces & Flails
  5250 | D:7      | Lost mutation: Your spells are a little easier to cast, but
                  | a little less powerful. [potion of mutation]
  5250 | D:7      | Lost mutation: You have large cloven feet. [potion of
                  | mutation]
  5250 | D:7      | Lost mutation: You are partially covered in iridescent
                  | scales. (AC +2) [potion of mutation]
  5250 | D:7      | Gained mutation: You are strong-willed. (Will+) [potion of
                  | mutation]
  5250 | D:7      | Gained mutation: You passively dampen the noise of your
                  | surroundings. [potion of mutation]
  5275 | D:7      | Reached ** piety under Cheibriados
  5403 | D:7      | Found a glowing golden altar of the Shining One.
  5445 | D:7      | Reached skill level 7 in Maces & Flails
  5445 | D:7      | Reached XP level 10. HP: 72/76 MP: 10/10
  5803 | D:8      | Noticed Pikel
  5816 | D:8      | Killed Pikel
  5857 | D:8      | Reached skill level 8 in Maces & Flails
  6085 | D:8      | Reached *** piety under Cheibriados
  6385 | D:8      | Noticed Psyche
  6394 | D:8      | Killed Psyche
  6559 | D:8      | Noticed a two-headed ogre
  6576 | D:8      | Killed a two-headed ogre
  6577 | D:8      | Reached skill level 9 in Maces & Flails
  6577 | D:8      | Reached XP level 11. HP: 67/83 MP: 11/11
  6584 | D:8      | Noticed Grum
  6607 | D:8      | Killed Grum
  6977 | D:8      | You fall into a shaft and drop 1 floor!
  7094 | D:9      | Noticed a wizard
  7101 | D:9      | Killed a wizard
  7488 | D:8      | Reached **** piety under Cheibriados
  7979 | D:9      | Reached skill level 10 in Maces & Flails
  8551 | D:10     | Entered Level 10 of the Dungeon
  8733 | D:10     | Reached skill level 1 in Invocations
  8792 | D:10     | Noticed Nergalle
  8810 | D:10     | Killed Nergalle
  8833 | D:10     | Noticed Erolcha
  8836 | D:10     | Reached skill level 1 in Hexes
  8846 | D:10     | Killed Erolcha
  8847 | D:10     | Reached skill level 5 in Dodging
  8847 | D:10     | Reached skill level 1 in Spellcasting
  8847 | D:10     | Reached skill level 1 in Evocations
  8847 | D:10     | Reached XP level 12. HP: 81/91 MP: 9/13
  8898 | D:10     | Found a staircase to the Orcish Mines.
  9371 | D:10     | Reached skill level 10 in Shields
  9478 | D:10     | Reached skill level 1 in Summonings
  9876 | Orc:1    | Entered Level 1 of the Orcish Mines
  9883 | Orc:1    | Noticed Sonja
  9894 | Orc:1    | Cast into level 1 of the Abyss (Sonja)
  9894 | Abyss:1  | Found a corrupted altar of Lugonu.
  9894 | Abyss:1  | Found a corrupted altar of Lugonu.
  9984 | Abyss:1  | Reached skill level 11 in Maces & Flails
  9986 | Abyss:1  | Noticed an eidolon
 10000 | Abyss:1  | Killed an eidolon
 10012 | Abyss:1  | Noticed a sixfirhy
 10020 | Abyss:1  | Killed a sixfirhy
 10103 | Abyss:1  | Noticed a thrashing horror
 10118 | Abyss:1  | Killed a thrashing horror
 10131 | Abyss:1  | Reached ***** piety under Cheibriados
 10153 | Abyss:1  | Noticed a shadow wraith
 10162 | Abyss:1  | Killed a shadow wraith
 10199 | Abyss:1  | Noticed a wretched star
 10214 | Abyss:1  | HP: 3/65 [stone wall collision (3)]
 10215 | Abyss:1  | Killed from afar by a wretched star

Illustrated notes

Levels and vault maps discovered:
D:1:      dpeg_arrival_rooms_with_view, layout_rooms
D:2:      layout_loops_ring, hellmonk_ecumenical_altar_run_dry,
          grunt_decor_fettered, minivault_14
D:3:      layout_basic
D:4:      layout_basic, uniq_natasha, uniq_edmund
D:5:      layout_basic, minmay_temple_entry_glass
D:6:      layout_loops_ring, serial_shops, shop_fountains,
          hangedman_decor_points, uniq_menkaure, uniq_maggie,
          uniq_blork_the_orc, uniq_sigmund
D:7:      layout_basic, old_standard_altar
D:8:      layout_layer_cave, minmay_misc_feat_chi, uniq_psyche, uniq_grum,
          uniq_pikel
D:9:      kennysheep_blocky_hall, layout_long_grid, corexii_hall_statues_s
D:10:     layout_roguey, minmay_orc_entry_guard_dogs, special_room
          [special_room_kobold], uniq_erolcha, uniq_nergalle
Temple:   compressed_dpeg_circular_temple
Orc:1:    layout_caves, uniq_sonja, uniq_jorgrun
Abyss:1:  base: D:6, evilmike_abyss_exit_13

Skill      XL: |  1  2  3  4  5  6  7  8  9 10 11 12 |
---------------+-------------------------------------+-----
Shields        | 4 5 6 8 9 10 | 10.8
Dodging        | 1 2 3 5 |  5.5
Axes           | 3 4 5 |  5.7
Fighting       | 4 5 6 7 8 |  8.3
Armour         | 4 5 6 8 9 |  9.4
Maces & Flails | 1 3 7 9 10 11 | 11.4
Stealth        | 2 3 |  3.1
Invocations    | 1 2 |  2.4
Hexes          | 1 |  1.4
Spellcasting   | 1 |  1.4
Evocations     | 1 2 |  2.5
Summonings     | 1 |  1.2
Throwing       | |  0.1

Action                   |  1- 3 |  4- 6 |  7- 9 | 10-12 || total
-------------------------+-------+-------+-------+-------++-------
Melee: War axe           |   107 |   147 |    22 |       ||   276
       Kick              |       |    32 |    48 |       ||    80
       Dire flail        |       |       |   188 |   461 ||   649
Throw: Javelin           |       |     4 |       |       ||     4
       Throwing net      |       |       |       |     1 ||     1
 Cast: Summon Guardian G |       |       |       |     9 ||     9
Invok: Bend Time         |       |       |     1 |       ||     1
       Slouch            |       |       |       |     3 ||     3
 Abil: Shaft Self        |       |     1 |       |       ||     1
       Dig               |       |       |       |     1 ||     1
Evoke: Wand              |       |       |     1 |    35 ||    36
  Use: Scroll            |     4 |     5 |    10 |     7 ||    26
       Potion            |     1 |     2 |     5 |     5 ||    13
 Stab: Invisible         |       |       |     1 |       ||     1
Armor: Chain mail        |    75 |    77 |       |       ||   152
       Scale mail        |     7 |    34 |   138 |   183 ||   362
       Skin              |       |     2 |       |       ||     2
Dodge: Dodged            |    35 |    57 |    99 |   288 ||   479
Block: Kite shield       |    45 |    86 |   132 |   327 ||   590

Table legend: (Time is in decaauts)
 A = Elapsed time spent in this place.
 B = Non-inter-level travel time spent in this place.
 C = Inter-level travel time spent in this place.
 D = Time resting spent in this place.
 E = Time spent auto-exploring this place.
 F = Levels seen in this place.
 G = Mean time per level.
                   A        B        C        D        E       F      G
               +--------+--------+--------+--------+--------+-----+--------+
         Total |  12578 |  12366 |    212 |      0 |   7747 |  13 |  967.5 |
       Dungeon |  12048 |  11836 |    212 |      0 |   7579 |  10 | 1204.8 |
        Temple |    128 |    128 |      0 |      0 |      0 |   1 |  128.0 |
  Orcish Mines |     21 |     21 |      0 |      0 |      0 |   1 |   21.0 |
         Abyss |    380 |    380 |      0 |      0 |    168 |   1 |  380.0 |
               +--------+--------+--------+--------+--------+-----+--------+

Top non-repeatable levels by time:
     D:8: 2399 daAuts
    D:10: 1687 daAuts
     D:6: 1488 daAuts
     D:9: 1459 daAuts
     D:5: 1382 daAuts
     D:4: 832 daAuts
     D:7: 763 daAuts
     D:2: 710 daAuts
     D:3: 708 daAuts
     D:1: 619 daAuts
 Abyss:1: 380 daAuts
  Temple: 128 daAuts
   Orc:1: 21 daAuts
